 Dungeon Crawl Stone Soup version 0.29-a0-923-g6e406bff71 (webtiles) character file.

Game seed: 14741251320309730088

79 snetch the Magician (level 4, -2/31 HPs)
             Began as a Djinni Fire Elementalist on July 27, 2022.
             Was a Follower of the Shining One.
             Slain by an orc
             ... wielding a +0 hand axe
              (6 damage)
             ... on level 3 of the Dungeon.
             The game lasted 00:09:18 (2717 turns).

snetch the Magician (Djinni Fire Elementalist)      Turns: 2717, Time: 00:09:19

Health: -2/31      AC:  3    Str:  7    XL:     4   Next: 62%
Gold:   151        EV: 11    Int: 25    God:    the Shining One [*.....] SH:  0 Dex: 13

rFire   + + .      SeeInvis .   s - staff of cold
rCold   . . .      Faith    .   m - +0 buckler
rNeg    . . .      Spirit   .   e - +0 leather armour
rPois   ∞          Reflect  .   (no helmet)
rElec   .          Harm     .   (no cloak)
rCorr   .          Rampage  .   (no gloves)
Will    .....                   (boots unavailable)
Stlth   +.........              (no amulet)
HPRegen 0.10/turn               f - +6 ring of intelligence
MPRegen 0.00/turn               (no ring)

@: confused, flying, glowing
A: sickness immunity, fire resistance 2, cold vulnerability 1, float, innate
caster, HP casting, extra vitality 1
a: Renounce Religion, Divine Shield


You were on level 3 of the Dungeon.
You worshipped the Shining One.
The Shining One was aware of your devotion.
You visited 1 branch of the dungeon, and saw 4 of its levels.

You collected 151 gold pieces.

Inventory:

Hand Weapons
 c - a +0 mace
Missiles
 b - 14 stones
 i - 6 curare-tipped darts
Armour
 e - a +0 leather armour (worn)
 h - a +0 ring mail
 m - a +0 buckler (worn)
Magical Staves
 s - a staff of cold (weapon)
Jewellery
 f - a +6 ring of intelligence (left hand)
Scrolls
 a - 3 scrolls of identify {unknown}
 d - 2 scrolls of enchant weapon {unknown}
 g - a scroll of fear {unknown}
 l - a scroll of magic mapping {unknown}
 p - 2 scrolls of blinking {unknown}
 q - a scroll of noise {unknown}
 r - a scroll of vulnerability {unknown}
Potions
 j - a potion of berserk rage {unknown}
 k - a potion of mutation {unknown}
 n - a potion of curing {unknown}
 o - a potion of brilliance {unknown}
 t - a potion of flight {unknown}


   Skills:
 + Level 0.1 Armour
 + Level 2.4 Dodging
 + Level 1.8 Stealth
 + Level 0.2 Shields
 + Level 3.7 Spellcasting


You couldn't memorise any spells.
You knew the following spells:

 Your Spells              Type           Power      Damage    Failure   Level
a - Foxfire               Conj/Fire      92%        2x1d8     4%          1
b - Scorch                Fire           46%        2d7       6%          2
c - Conjure Flame         Conj/Fire      23%        6-21      12%         3
d - Inner Flame           Hex/Fire       23%        N/A       12%         3
e - Flame Wave            Conj/Fire      23%        2d8       38%         4
f - Sandblast             Erth           46%        2d11      4%          1
Your spell library was empty.

Dungeon Overview and Level Annotations

Branches:
Dungeon (4/15)
 Temple: D:4-7

Altars:
The Shining One


Innate Abilities, Weirdness & Mutations

You are immune to sickness and miasma.
You are immune to poison.
Your flesh is very heat resistant. (rF++)
You are vulnerable to cold. (rC-)
You float through the air rather than walking.
You learn spells naturally, not from books.
Your magical power is your life essence.
You have superior vitality. (+4 MHP)


Message History

An orc and an orc wizard come into view.
Found a ring mail.
The orc shouts!
The orc wizard shouts!
You hear a shout! x2
An orc comes into view. It is wielding a +0 mace.
The orc wizard gestures at you while chanting.
The magic dart hits you! 2 orcs come into view.
The orc shouts! x2
You conjure some foxfire!
The foxfire hits the orc.
The orc is heavily wounded.
The orc wizard casts a spell at you.
You are confused.
The orc hits you with a +0 club.
A worm comes into view.
Okay, then.
Unknown command.
You hit the orc wizard.
The orc wizard is lightly wounded.
The foxfire hits the orc wizard but does no damage.
The orc wizard is lightly wounded.
The orc wizard gestures at you while chanting.
You resist with some effort. The orc hits you with a +0 club.
The orc hits you with a +0 dagger.
The orc wizard attacks as you move away!
The orc wizard completely misses you. The orc hits you but does no damage.
Unknown command.
You're too confused to cast spells.
The orc closely misses you. The orc wizard casts a spell at you.
The magic dart hits you! The orc closely misses you.
The orc hits you with a +0 hand axe.
* * * LOW HITPOINT WARNING * * *
You're too confused to cast spells.
You're too confused to cast spells.
You're too confused to move!
The orc hits you but does no damage.
The orc wizard gestures at you while chanting.
The puff of flame hits you. You resist.
* * * LOW HITPOINT WARNING * * *
The orc barely misses you. The orc hits you with a +0 hand axe.
You die...

#. ####### #.# #
#######.## ###
...[...... ....
#..[..w.# ##.#
#.......# #.#
#.......# #..
#....ooo# ..
#....o@o# ##.
######.#############
#. ##.##.......)..#
#. #<.##.########.#
#.
#............#.###.
#.###†#####........
#.# #.#####..#.####
... #.#......#.....
...# #.#.###..†.....


You could see a worm, an orc wizard and 4 orcs.

Vanquished Creatures
  2 adders
  A dart slug (D:3)
  4 ball pythons
  3 endoplasms
  2 giant cockroaches (D:2)
  9 goblins
  5 hobgoblins
  8 jackals (D:1)
  4 quokkas
  5 bats
  2 frilled lizards
  3 kobolds (D:2)
  5 rats
53 creatures vanquished.

Vanquished Creatures (others)
  96 foxfires
96 creatures vanquished.

Grand Total: 149 creatures vanquished

Notes
Turn   | Place    | Note
-------+----------+-------------------------------------------
     0 | D:1      | snetch the Djinni Fire Elementalist began the quest for the
                  | Orb.
     0 | D:1      | snetch set off with the following spells memorised:
                  | Foxfire, Scorch, Conjure Flame, Inner Flame, Flame Wave.
     0 | D:1      | Reached XP level 1. HP: 15/15 MP: 0/0
    87 | D:1      | Reached XP level 2. HP: 14/21 MP: 0/0
   555 | D:1      | Reached skill level 3 in Spellcasting
   562 | D:1      | Reached XP level 3. HP: 12/25 MP: 0/0
   562 | D:1      | Learned a level 1 spell: Sandblast
  1649 | D:2      | Reached XP level 4. HP: 28/31 MP: 0/0
  2339 | D:2      | Found a faded altar of an unknown god.
  2347 | D:2      | Prayed at the altar of an unknown god.
  2347 | D:2      | Became a worshipper of the Shining One
  2347 | D:2      | Reached * piety under the Shining One
  2717 | D:3      | Slain by an orc

Illustrated notes

Levels and vault maps discovered:
D:1:      wheals_arrival_shading, layout_basic
D:2:      layout_basic, hellmonk_ecumenical_altar_prayer_group, basic_altar
D:3:      layout_basic
D:4:      layout_rooms, kennysheep_okawaru_gauntlet, minmay_misc_feat_plants

Skill      XL: |  1  2 |
---------------+-------+-----
Spellcasting   | 3 |  3.7
Armour         | |  0.1
Dodging        | |  2.4
Stealth        | |  1.8
Shields        | |  0.2

Action                   |  1- 3 |  4- 6 || total
-------------------------+-------+-------++-------
Melee: Unarmed           |     1 |       ||     1
       Mace              |     4 |    16 ||    20
       Staff             |       |     6 ||     6
 Cast: Foxfire           |    47 |    11 ||    58
       Scorch            |     9 |    10 ||    19
 Stab: Sleeping          |     1 |     1 ||     2
Armor: Robe              |     3 |       ||     3
       Leather armour    |     2 |    10 ||    12
Dodge: Dodged            |     5 |    21 ||    26
Block: Buckler           |       |     2 ||     2

Table legend: (Time is in decaauts)
 A = Elapsed time spent in this place.
 B = Non-inter-level travel time spent in this place.
 C = Inter-level travel time spent in this place.
 D = Time resting spent in this place.
 E = Time spent auto-exploring this place.
 F = Levels seen in this place.
 G = Mean time per level.
                   A        B        C        D        E       F      G
               +--------+--------+--------+--------+--------+-----+--------+
         Total |   2727 |   2605 |    122 |      0 |   1866 |   4 |  681.8 |
       Dungeon |   2727 |   2605 |    122 |      0 |   1866 |   4 |  681.8 |
               +--------+--------+--------+--------+--------+-----+--------+

Top non-repeatable levels by time:
     D:1: 1362 daAuts
     D:2: 1137 daAuts
     D:3: 214 daAuts
     D:4: 13 daAuts
